 Dungeon Crawl Stone Soup version 0.29.1-1-gd02db6906a (webtiles) character file.

Game seed: 13128998266132059327

28895 karrick the Bludgeoner (level 13, 0/85 HPs)
             Began as a Gargoyle Fighter on Sept 24, 2022.
             Was a High Priest of Okawaru.
             Slain by a two-headed ogre
             ... wielding a +0 giant club
              (23 damage)
             ... on level 1 of the Orcish Mines.
             The game lasted 00:29:32 (12245 turns).

karrick the Bludgeoner (Gargoyle Fighter)          Turns: 12245, Time: 00:29:33

Health: 0/85       AC: 22    Str: 31    XL:     13   Next: 41%
Magic:  13/13      EV: 10    Int: 10    God:    Okawaru [*****.]
Gold:   673        SH:  6    Dex: 13    Spells: 12/12 levels left

rFire   + . .      SeeInvis .   A - +6 morningstar of Cepnar {flame, Str+5}
rCold   . . .      Faith    .   c - +0 buckler
rNeg    + . .      Spirit   .   G - +0 troll leather armour
rPois   ∞          Reflect  .   f - +1 helmet
rElec   +          Harm     .   Q - scarf {+Inv}
rCorr   .          Rampage  +   P - +0 pair of gloves
Will    .....                   r - +2 pair of boots {rampage}
Stlth   +++.......              s - amulet of regeneration
HPRegen 1.84/turn               e - +6 ring of strength
MPRegen 0.13/turn               F - ring of protection from fire

@: about to teleport
A: sickness immunity, AC +9, negative energy resistance 1, electricity
resistance, torment resistance 1, petrification resistance
a: Renounce Religion, Evoke Invisibility, Heroism, Finesse, Duel


You were on level 1 of the Orcish Mines.
You worshipped Okawaru.
Okawaru was extremely pleased with you.
You visited 3 branches of the dungeon, and saw 18 of its levels.
You also visited: Ossuary.

You collected 1146 gold pieces.
You spent 473 gold pieces at shops.

Inventory:

Hand Weapons
 z - the +9 great mace of Dissolution {freeze, rPois rN+ Int+2 Stlth-}
   (Okawaru gifted it to you on level 1 of the Orcish Mines)

   It freezes those it strikes, dealing additional cold damage.
   It can also slow down cold-blooded creatures.
   Int:       It affects your intelligence (+2).
   rPois:     It protects you from poison.
   rN:        It protects you from negative energy.
   Stlth:     It makes you less stealthy.
 A - the +6 morningstar of Cepnar (weapon) {flame, Str+5}
   (You bought it in a shop on level 6 of the Dungeon)

   It burns those it strikes, dealing additional fire damage.
   Str:       It affects your strength (+5).
 M - a +2 morningstar of holy wrath
 N - a +5 hand axe of venom
 S - a +2 mace of protection
Missiles
 E - 4 silver boomerangs (quivered)
 H - a throwing net
 R - 2 datura-tipped darts
Armour
 a - the +1 leather armour of the Illusory Beggars {rC+ Str+2 SInv}
   (You took it off an orc on level 10 of the Dungeon)

   Str:       It affects your strength (+2).
   rC:        It protects you from cold.
   SInv:      It lets you see invisible.
 b - a scarf of resistance
 c - a +0 buckler (worn)
 f - a +1 helmet (worn)
 r - a +2 pair of boots of rampaging (worn)
 D - a +3 leather armour
 G - a +0 troll leather armour (worn)
 P - a +0 pair of gloves (worn)
 Q - a scarf of invisibility (worn)
Jewellery
 e - a +6 ring of strength (left hand)
 s - an amulet of regeneration (around neck)
 F - a ring of protection from fire (right hand)
Wands
 l - a wand of charming (4)
 I - a wand of mindburst (20)
 K - a wand of roots (4)
Scrolls
 h - 14 scrolls of identify {unknown}
 i - 4 scrolls of immolation
 k - 3 scrolls of amnesia
 n - 2 scrolls of brand weapon {unknown}
 p - 4 scrolls of noise
 u - a scroll of enchant armour {unknown}
 w - 4 scrolls of magic mapping
 x - 2 scrolls of poison {unknown}
 y - 2 scrolls of vulnerability {unknown}
 J - 2 scrolls of enchant weapon {unknown}
 L - a scroll of fear {unknown}
Potions
 d - 3 potions of curing
 g - a potion of brilliance {unknown}
 j - 3 potions of ambrosia {unknown}
 m - 5 potions of attraction {unknown}
 q - a potion of invisibility {unknown}
 t - 3 potions of haste {unknown}
 v - 8 potions of heal wounds {unknown}
 B - 5 potions of flight {unknown}
 C - 3 potions of degeneration {unknown}
 T - a potion of mutation
Miscellaneous
 O - a piece from Xom's chessboard (15/15)


   Skills:
 + Level 11.8 Fighting
 + Level 16.4 Maces & Flails
 + Level 0.2 Throwing
 + Level 7.7 Armour
 + Level 7.0 Stealth
 + Level 8.6 Shields
 + Level 0.7 Invocations
 + Level 0.3 Evocations


You had 12 spell levels left.
You didn't know any spells.
Your spell library contained the following spells:

 Spells                   Type           Power      Damage    Failure   Level
 Foxfire                  Conj/Fire      0%         2x1d4     45%         1
 Freeze                   Ice            0%         1d3       45%         1
 Magic Dart               Conj           0%         1d3       45%         1
 Ensorcelled Hibernation  Hex/Ice        0%         N/A       61%         2
 Passwall                 Tmut/Erth      0%         N/A       61%         2
 Conjure Flame            Conj/Fire      0%         6-21      83%         3
 Frozen Ramparts          Ice            0%         1d1       83%         3
 Gell's Gravitas          Tloc           0%         N/A       83%         3
 Inner Flame              Hex/Fire       0%         N/A       83%         3
 Lesser Beckoning         Tloc           0%         N/A       83%         3
 Mephitic Cloud           Conj/Pois/Air  0%         N/A       83%         3
 Swiftness                Air            0%         N/A       83%         3
 Teleport Other           Tloc           0%         N/A       83%         3
 Flame Wave               Conj/Fire      0%         2d4       99%         4
 Hailstorm                Conj/Ice       0%         3d3       99%         4
 Petrify                  Tmut/Erth      0%         N/A       99%         4
 Irradiate                Conj/Tmut      0%         3d11      100%        5
 Call Imp                 Summ           Unusable   N/A       N/A         2
 Sublimation of Blood     Necr           Unusable   N/A       N/A         2

Dungeon Overview and Level Annotations

Branches:
Dungeon (15/15)            Temple (1/1) D:6            Lair (0/5) D:8
    Orc (2/2) D:10        Ossuary (visited)
    Elf: Orc:2       Vaults: D:13-14     Depths: D:15

Altars:
Ashenzari
Cheibriados
Dithmenos
Elyvilon
Fedhas
Gozag
Hepliaklqana
Kikubaaqudgha
Makhleb
Nemelex Xobeh
Okawaru
Qazlal
Ru
Sif Muna
Trog
Uskayaw
Vehumet
Wu Jian
Xom
Yredelemnul
Zin
The Shining One

Shops:
D:6 *   D:12 (   D:14 (   Orc:1 [   Orc:2 *

Annotations:
D:4 Menkaure
D:9 3 runed translucent doors, TheSexyCheese's ghost, journeyman HOFi
D:13 4 transporters
D:14 Frances
Orc:1 Erolcha


Innate Abilities, Weirdness & Mutations

You are immune to sickness and miasma.
Your stone body is resilient. (AC +9)
You are immune to poison.
You resist negative energy. (rN+)
You are resistant to electric shocks. (rElec)
You are resistant to unholy torment.
You are immune to petrification.


Message History

You kill the deep troll!
Okawaru accepts your kill.
Items here: )))))))))) [[[[[ ††.
There is a stone staircase leading down, spattered with blood here.
You climb downwards.
The ogre shouts!
You hear two shouts!
You hear a shout! x2
You hear two shouts!
The troll bites you but does no damage. The troll misses you.
The troll claws you!
The two-headed ogre hits you with a +0 giant club!
The two-headed ogre barely misses you.
An ogre comes into view.
It is wielding a +0 giant spiked club. x2
The ogre mage gestures wildly while chanting.
The ogre mage flickers and vanishes!
Deactivating autopickup; reactivate with Ctrl-A.
The ogre hits you with a +0 giant club! x2
An ogre comes into view. It is wielding a +0 giant spiked club.
The orc warrior shoots a bolt.
You block the bolt.
There is a stone staircase leading up here.
The ogre shouts!
The troll closely misses you. The troll claws you but does no damage.
The troll closely misses you.
The orc warrior shoots a bolt.
The bolt hits you but does no damage.
The two-headed ogre completely misses you.
The two-headed ogre hits you but does no damage.
The ogre hits you with a +0 giant club. The ogre hits you with a +0 giant club!
You climb upwards.
Level annotation: Erolcha Reactivating autopickup.
There is a stone staircase leading down, spattered with blood here.
As you read the scroll of teleportation, it crumbles to dust.
You feel strangely unstable.
You feel better.
The two-headed ogre hits you with a +0 giant club!
The two-headed ogre hits you but does no damage.
The ogre hits you with a +0 giant club!!
* * * LOW HITPOINT WARNING * * *
You feel better.
The two-headed ogre hits you with a +0 giant club!!
You die... ########## +OO@OT∩..+ ##########

You could see a two-headed ogre, a troll and 2 ogres.

Vanquished Creatures
  Jorgrun (D:12)
  An ettin (D:10)
  A hydra (D:13)
  A centaur warrior (D:12)
  A boulder beetle (D:13)
  2 two-headed ogres (Orc:1)
  Lodul (D:12)
  A deep troll (Orc:1)
  A glowing orange brain (D:9)
  An orc knight (Orc:1)
  An orc sorcerer (Orc:1)
  A deep elf pyromancer (D:14)
  6 ugly things
  3 cyclopes
  A gargoyle (D:13)
  A kobold demonologist (D:9)
  An unseen horror (D:11)
  A komodo dragon (D:11)
  A hornet (D:9)
  4 trolls
  20 slime creatures
  Sigmund (D:5)
  3 vampires
  A shadow (D:9)
  3 wyverns
  A human (D:10)
  24 yaks
  A wraith (D:12)
  8 vampire mosquitoes
  A steam dragon (D:8)
  Duvessa (D:5)
  7 orc warriors
  2 sky beasts (D:7)
  An ice beast (D:5)
  13 ogres
  2 phantoms (D:4)
  2 centaurs (D:9)
  2 kobold brigands
  4 bullfrogs
  3 gnoll sergeants
  2 necrophages
  2 scorpions
  8 wights
  Dowan (D:5)
  6 killer bees (D:10)
  A vampire bat (D:5)
  2 electric eels (D:6)
  6 hounds
  A gnoll bouda (D:8)
  16 orc priests
  2 jellies (D:8)
  Jessica (D:2)
  6 iguanas
  19 orc wizards
  8 mummies (Ossuary)
  19 gnolls
  5 adders
  2 white imps
  A worm (D:3)
  8 dart slugs
  65 orcs
  7 ball pythons
  9 bats
  8 endoplasms
  2 giant cockroaches
  5 hobgoblins
  6 jackals
  18 kobolds
  A quokka (D:5)
  4 frilled lizards
  4 goblins
  3 hobgoblin zombies (Ossuary)
  4 kobold zombies (Ossuary)
  An orc zombie (Ossuary)
  6 rats
390 creatures vanquished.

Vanquished Creatures (others)
  3 orcs (Orc:1)
  16 plants (D:6)
19 creatures vanquished.

Grand Total: 409 creatures vanquished

Notes
Turn   | Place    | Note
-------+----------+-------------------------------------------
     0 | D:1      | karrick the Gargoyle Fighter began the quest for the Orb.
     0 | D:1      | Reached XP level 1. HP: 14/14 MP: 1/1
    74 | D:1      | Reached XP level 2. HP: 16/19 MP: 2/2
   292 | D:1      | Found a faded altar of an unknown god.
   696 | D:2      | Reached XP level 3. HP: 24/24 MP: 3/3
   706 | D:2      | Noticed Jessica
   710 | D:2      | Killed Jessica
   833 | D:2      | Reached XP level 4. HP: 27/29 MP: 4/4
   896 | D:2      | Reached skill level 3 in Maces & Flails
  1666 | D:3      | Found a shadowy altar of Dithmenos.
  1699 | D:3      | Found a bloodstained altar of Trog.
  1803 | D:3      | Found a glowing silver altar of Zin.
  2000 | D:4      | Reached XP level 5. HP: 28/33 MP: 5/5
  2086 | D:4      | Noticed a phantom
  2095 | D:4      | Killed a phantom
  2096 | D:4      | Reached skill level 4 in Maces & Flails
  2096 | D:4      | Reached XP level 6. HP: 37/38 MP: 6/6
  2305 | D:4      | Noticed Menkaure
  2377 | D:5      | Entered Level 5 of the Dungeon
  2384 | D:5      | Noticed Sigmund
  2488 | D:6      | Reached skill level 5 in Maces & Flails
  2575 | D:6      | Found a sand-covered staircase.
  2583 | Ossuary  | Entered an ossuary
  2624 | Ossuary  | Reached XP level 7. HP: 44/44 MP: 7/7
  2884 | D:6      | Found Tigual's Assorted Antiques.
  2907 | D:5      | Reached skill level 5 in Armour
  2926 | D:5      | Noticed Dowan
  2926 | D:5      | Noticed Duvessa
  2989 | D:5      | Reached skill level 6 in Maces & Flails
  3023 | D:6      | Bought a fine morningstar for 252 gold pieces
  3023 | D:6      | Identified the +6 morningstar of Cepnar {flame, Str+5} (You
                  | bought it in a shop on level 6 of the Dungeon)
  3108 | D:6      | Found a staircase to the Ecumenical Temple.
  3117 | Temple   | Entered the Ecumenical Temple
  3117 | Temple   | Found a transporter.
  3117 | Temple   | Found a transporter.
  3119 | Temple   | Found a transporter.
  3119 | Temple   | Found a transporter.
  3479 | D:6      | Reached XP level 8. HP: 48/48 MP: 8/8
  3556 | D:6      | Reached skill level 7 in Maces & Flails
  3595 | D:6      | Reached skill level 5 in Fighting
  3965 | D:5      | Killed Sigmund
  4064 | D:5      | Killed Duvessa
  4065 | D:5      | Reached skill level 8 in Maces & Flails
  4070 | D:5      | Killed Dowan
  4142 | D:5      | Noticed a troll
  4148 | D:5      | Killed a troll
  4168 | D:5      | Reached XP level 9. HP: 54/54 MP: 9/9
  4357 | D:5      | Reached skill level 9 in Maces & Flails
  4693 | D:4      | Reached skill level 1 in Stealth
  5030 | D:7      | Reached skill level 5 in Shields
  5036 | D:6      | Bought a grey potion for 25 gold pieces
  5036 | D:6      | Bought 3 scrolls labelled SOISOROHEVA for 84 gold pieces
  5036 | D:6      | Bought 3 scrolls labelled DALUSI ZIALL for 84 gold pieces
  5036 | D:6      | Bought a scroll labelled HOHUTS MU QIR for 28 gold pieces
  5102 | D:7      | Reached skill level 10 in Maces & Flails
  5134 | D:7      | Found a glowing golden altar of the Shining One.
  5230 | D:7      | Reached XP level 10. HP: 61/61 MP: 10/10
  5454 | D:7      | Found a sacrificial altar of Ru.
  5726 | D:8      | Reached skill level 11 in Maces & Flails
  5812 | D:8      | Found a broken altar of Ashenzari.
  6200 | D:8      | Found a radiant altar of Vehumet.
  6329 | D:8      | Found a staircase to the Lair.
  6439 | D:8      | Found a snail-covered altar of Cheibriados.
  6490 | D:9      | Found an ancient bone altar of Kikubaaqudgha.
  6593 | D:9      | Found a runed translucent gate.
  6593 | D:9      | Found a runed translucent gate.
  6593 | D:9      | Found a runed translucent gate.
  6593 | D:9      | Noticed a green ugly thing
  6593 | D:9      | Noticed a cyan ugly thing
  6593 | D:9      | Noticed a glowing orange brain
  6596 | D:9      | Noticed a green ugly thing
  6596 | D:9      | Noticed a green ugly thing
  6674 | D:9      | Noticed a kobold demonologist
  6690 | D:9      | Killed a kobold demonologist
  6809 | D:9      | Reached skill level 12 in Maces & Flails
  6925 | D:9      | Found a hazy altar of Hepliaklqana.
  7034 | D:10     | Entered Level 10 of the Dungeon
  7187 | D:10     | Reached XP level 11. HP: 34/68 MP: 11/11
  7368 | D:10     | Found a staircase to the Orcish Mines.
  7424 | D:10     | Identified the +1 leather armour of the Illusory Beggars
                  | {rC+ Str+2 SInv}
  7496 | D:10     | Found an iron altar of Okawaru.
  7500 | D:10     | Became a worshipper of Warmaster Okawaru
  7838 | D:10     | Reached skill level 13 in Maces & Flails
  7926 | D:11     | Reached * piety under Okawaru
  8090 | D:11     | Reached skill level 5 in Stealth
  8221 | D:12     | Noticed a white ugly thing
  8229 | D:12     | Killed a white ugly thing
  8519 | D:12     | Noticed a cyclops
  8523 | D:12     | Killed a cyclops
  8523 | D:12     | Reached ** piety under Okawaru
  8533 | D:12     | Found Wape Jia's Antique Weapon Shop.
  8655 | D:12     | Noticed a centaur warrior
  8657 | D:12     | Noticed Jorgrun
  8657 | D:12     | Noticed a cyclops
  8934 | D:11     | Reached *** piety under Okawaru
  9111 | D:11     | Reached skill level 14 in Maces & Flails
  9407 | D:12     | Killed Jorgrun
  9408 | D:12     | Reached XP level 12. HP: 69/76 MP: 9/12
  9433 | D:12     | Noticed Lodul
  9436 | D:12     | Killed a centaur warrior
  9450 | D:12     | Reached **** piety under Okawaru
  9463 | D:12     | Killed Lodul
  9470 | D:12     | Reached skill level 10 in Fighting
 10161 | D:13     | You fall into a shaft and drop 2 floors!
 10161 | D:15     | Entered Level 15 of the Dungeon
 10278 | D:13     | Found a transporter.
 10279 | D:13     | Found an ornate altar of the Wu Jian Council.
 10279 | D:13     | Noticed a vault warden
 10301 | D:13     | Noticed a vault guard
 10301 | D:13     | Noticed a vault guard
 10394 | D:13     | Noticed a four-headed hydra
 10401 | D:13     | Killed a four-headed hydra
 10402 | D:13     | Reached skill level 15 in Maces & Flails
 10497 | D:13     | Found a transporter.
 10504 | D:13     | Found a transporter.
 10508 | D:13     | Found an ornate altar of the Wu Jian Council.
 10510 | D:13     | Found a transporter.
 10527 | D:13     | Reached ***** piety under Okawaru
 10587 | D:13     | Noticed a boulder beetle
 10663 | D:12     | Received a gift from Okawaru
 10793 | Orc:1    | Entered Level 1 of the Orcish Mines
 10793 | Orc:1    | Noticed an ettin
 11157 | D:13     | Killed a boulder beetle
 11478 | D:14     | Found Inyheby's Antique Weapon Boutique.
 11489 | D:14     | Noticed Frances
 11648 | D:8      | Reached XP level 13. HP: 63/84 MP: 13/13
 11665 | D:8      | Received a gift from Okawaru
 11684 | D:8      | Reached skill level 16 in Maces & Flails
 11726 | D:9      | Found a runed translucent gate.
 11726 | D:9      | Found a runed translucent gate.
 11729 | D:9      | Found a runed translucent gate.
 11729 | D:9      | Noticed TheSexyCheese's ghost (journeyman HOFi)
 11955 | D:10     | Killed an ettin
 11978 | Orc:1    | Noticed Erolcha
 11999 | Orc:2    | Entered Level 2 of the Orcish Mines
 11999 | Orc:2    | Found Tagin's General Store.
 12003 | Orc:1    | Found Urhic's Armour Shoppe.
 12222 | Orc:1    | Identified the +9 great mace of Dissolution {freeze, rPois
                  | rN+ Int+2 Stlth-} (Okawaru gifted it to you on level 1 of
                  | the Orcish Mines)
 12222 | Orc:1    | Received a gift from Okawaru
 12245 | Orc:1    | Slain by a two-headed ogre

Illustrated notes

Levels and vault maps discovered:
D:1:      dpeg_arrival_castle, layout_rooms, chequers_ecumenical_altar_lobes,
          minmay_stone_trees_small, minmay_indecisive_spiral
D:2:      layout_basic, minivault_25, serial_bayou_pond_a,
          kennysheep_generic_room_8, uniq_jessica
D:3:      layout_rooms, overflow_temple_1_default, mainiacjoe_overflow_alcove_2,
          mainiacjoe_overflow_six_doors_small, kennysheep_generic_room_9
D:4:      kennysheep_six_static_rooms, layout_loops_ring,
          ebering_dispersal_statue_hall, uniq_menkaure
D:5:      layout_basic, roderic_batcave, minivault_23, uniq_sigmund,
          uniq_duvessa
D:6:      layout_cave_pods, minmay_temple_entry_drinking_statues,
          chequers_ossuary_entry_cave, serial_shops, nicolae_stop_n_shop_2,
          serial_bayou_lake_a
D:7:      layout_basic, mainiacjoe_overflow_catwalk,
          mainiacjoe_overflow_tiny_flanked, serial_park_tiny_pond
D:8:      layout_loops_ring, evilmike_ruin_ashenzari,
          nicolae_vehumet_altar_sigil, mainiacjoe_overflow_alcove_4,
          lair_entry_dummy, kennysheep_cluttered_room
D:9:      layout_roguey, general_overflow_altar, amcnicky_altar_gilded,
          ploomutoo_gammafunk_ghost_potion_laboratory
D:10:     layout_gridville, mainiacjoe_overflow_24_doors, erik_orc_4
D:11:     layout_grid_maze
D:12:     layout_layer_cave, nicolae_take_the_stairs, uniq_jorgrun, uniq_lodul
D:13:     dreamdust_wu_jian_sword_trials, layout_loops_corners
D:14:     layout_loops_ring, grunt_vaults_entry_tiered, serial_shops, shop,
          nicolae_gozag_seed_capital, minmay_microvault, uniq_frances
D:15:     grunt_enter_depths_snipers, layout_loops_ring, basic_altar
Temple:   hellmonk_temple_divided_pantheon
Orc:1:    layout_caves, serial_shops, nicolae_shop_hallway_stairs,
          chequers_guarded_unrand_ignorance, uniq_erolcha
Orc:2:    st_orc_open, layout_caves, special_room, serial_shops, shop_coins,
          bloody_makhleb

Skill      XL: |  1  2  3  4  5  6  7  8  9 10 11 12 13 |
---------------+----------------------------------------+-----
Maces & Flails | 3 4 5 6 8 10 12 14 15 16 | 16.4
Fighting       | 4 5 6 7 9 11 | 11.8
Armour         | 4 5 6 7 |  7.7
Shields        | 4 5 6 7 8 |  8.6
Stealth        | 3 4 6 7 |  7.0
Throwing       | |  0.2
Invocations    | |  0.7
Evocations     | |  0.3

Action                   |  1- 3 |  4- 6 |  7- 9 | 10-12 | 13-15 || total
-------------------------+-------+-------+-------+-------+-------++-------
Melee: Flail             |    71 |   186 |    79 |       |       ||   336
       Morningstar       |       |       |   207 |   494 |   111 ||   812
Throw: Boomerang         |       |       |       |     2 |       ||     2
Invok: Heroism           |       |       |       |     2 |     2 ||     4
Evoke: Wand              |       |     1 |       |     2 |     1 ||     4
  Use: Potion            |       |     3 |     2 |     1 |     2 ||     8
       Scroll            |       |       |       |    11 |     3 ||    14
 Stab: Sleeping          |       |       |     3 |    11 |       ||    14
       Distracted        |       |       |       |     3 |       ||     3
Armor: Scale mail        |    47 |   114 |    86 |       |       ||   247
       Skin              |       |     7 |     7 |       |       ||    14
       Leather armour    |       |       |     5 |       |       ||     5
       Troll leather arm |       |       |    72 |   225 |    80 ||   377
Dodge: Dodged            |    32 |   101 |   127 |   162 |    85 ||   507
Block: Buckler           |    10 |    37 |    58 |   125 |    48 ||   278
